 Dungeon Crawl Stone Soup version 0.20.1-1-g8b1a95d (webtiles) character file.

95 Knicklaso the Chiller (level 4, -2/33 HPs)
             Began as a Ghoul Ice Elementalist on July 30, 2017.
             Slain by a leopard gecko (5 damage)
             ... on level 2 of the Dungeon.
             The game lasted 00:06:45 (1644 turns).

Knicklaso the Chiller (Ghoul Ice Elementalist)      Turns: 1644, Time: 00:06:46

Health: -2/33      AC:  2    Str: 11    XL:     4   Next: 65%
Magic:  1/7        EV: 12    Int: 10    God:
Gold:   25         SH:  0    Dex: 10    Spells: 8/9 levels left

rFire    . . .     SeeInvis .   f - +0 spear
rCold    + . .     Gourm    .   (no shield)
rNeg     + + +     Faith    .   a - +0 robe
rPois    ∞         Spirit   .   (no helmet)
rElec    .         Reflect  .   (no cloak)
rCorr    .         Harm     .   (no gloves)
MR       .....                  (no boots)
Stlth    ++........             (no amulet)
Regen    0.0/turn               (no ring)
MPRegen  0.1/turn               (no ring)

@: rotting
A: rotting body, claws 1, carnivore 3, cold resistance 1, negative energy
resistance 3, inhibited regeneration, torment resistance, unbreathing
a: no special abilities


You were on level 2 of the Dungeon.
You were not hungry.

You visited 1 branch of the dungeon, and saw 2 of its levels.

You collected 25 gold pieces.

Inventory:

Hand Weapons
 f - a +0 spear (weapon)
Armour
 a - a +0 robe (worn)
Scrolls
 d - a scroll of identify {unknown}
 j - 2 scrolls of blinking {unknown}
 k - a scroll of amnesia {unknown}
 m - a scroll of remove curse {unknown}
Potions
 e - a potion of haste {unknown}
 h - a potion of heal wounds {unknown}
 i - 2 potions of degeneration {unknown}
 l - a potion of agility {unknown}
 n - 2 potions of curing {unknown}
Books
 b - a book of Frost

   Spells                             Type                      Level
   a - Freeze                         Ice                          1
   b - Throw Frost                    Conjuration/Ice              2
   c - Ozocubu's Armour               Charms/Ice                   3
   d - Throw Icicle                   Conjuration/Ice              4
   e - Summon Ice Beast               Ice/Summoning                4
Comestibles
 c - a meat ration


   Skills:
 - Level 1.7 Dodging
 - Level 2.1 Stealth
 + Level 3.0 Spellcasting
   Level 0.7 Conjurations
 + Level 4.7 Ice Magic


You had 8 spell levels left.
You knew the following spells:

 Your Spells              Type           Power        Failure   Level  Hunger
a - Freeze                Ice            ##..         4%          1    #......


Dungeon Overview and Level Annotations

Branches:
Dungeon (2/15)

Altars:

Annotations:
D:2 Robin


Innate Abilities, Weirdness & Mutations

Your body is rotting away.
You thrive on raw meat.
You are immune to poison.
You have sharp fingernails.
You are carnivorous and can eat meat at any time.
Your flesh is cold resistant. (rC+)
You are immune to negative energy. (rN+++)
You do not regenerate when monsters are visible.
You are immune to unholy pain and torment.
You can survive without breathing.


Message History

The goblin hits you with a club!
You barely miss the goblin.
The goblin is severely wounded.
The leopard gecko closely misses you. The goblin hits you.
* * * LOW HITPOINT WARNING * * *
The goblin hits you with a club.
* * * LOW HITPOINT WARNING * * *
You miss the goblin.
The goblin is severely wounded.
The leopard gecko closely misses you.
Robin points. "Kill!"
The goblin hits you.
* * * LOW HITPOINT WARNING * * *
The goblin hits you with a club.
* * * LOW HITPOINT WARNING * * *
The leopard gecko barely misses you.
You closely miss the goblin.
The goblin is severely wounded.
The goblin misses you. The leopard gecko bites you.
You die...

)...........#.#..##
###.#########.#...#
....#####.....#.#...#
........#.#####.#..##
#######.#.#####.#....
#..#.....#.##.##.
#..#####.#.# ..# #
######......#.#g###.#g###
............#.#g@lgg....#
............#.#####g..#.#
########....#.# #..#
#......# .... #......#
>.... #.....## %.g..
#.....# ...g #.....# ....
#.....#


You could see Robin, a leopard gecko, 2 hobgoblins and 3 goblins.

Vanquished Creatures
  Jessica (D:2)
  3 adders (D:2)
  An ooze (D:1)
  A dart slug (D:1)
  A leopard gecko (D:1)
  5 bats
  A giant cockroach (D:1)
  7 goblins
  6 hobgoblins
  A frilled lizard (D:1)
  2 kobolds (D:1)
  6 rats
35 creatures vanquished.

Notes
Turn   | Place    | Note
-------+----------+-------------------------------------------
     0 | D:1      | Knicklaso the Ghoul Ice Elementalist began the quest for the Orb.
     0 | D:1      | Reached XP level 1. HP: 14/14 MP: 2/2
   197 | D:1      | Reached XP level 2. HP: 8/20 MP: 2/4
   731 | D:1      | Reached skill level 4 in Ice Magic
   927 | D:1      | Reached XP level 3. HP: 25/26 MP: 5/5
  1403 | D:2      | Noticed Jessica
  1421 | D:2      | Killed Jessica
  1421 | D:2      | Reached XP level 4. HP: 23/33 MP: 2/7
  1595 | D:2      | Noticed Robin
  1644 | D:2      | Slain by a leopard gecko

Skill      XL: |  1  2  3  4 |
---------------+-------------+-----
Spellcasting   | 2 3 |  3.0
Ice Magic      | 4 |  4.7
Dodging        | |  1.7
Stealth        | |  2.1
Conjurations   | |  0.7

Action                   |  1- 3 |  4- 6 || total
-------------------------+-------+-------++-------
Melee: Unarmed           |    23 |       ||    23
       Spear             |    52 |    55 ||   107
 Cast: Freeze            |    20 |    16 ||    36
 Stab: Sleeping          |     4 |       ||     4
  Eat: Chunk             |     9 |    12 ||    21
Armor: Robe              |    19 |     4 ||    23
Dodge: Dodged            |    62 |    53 ||   115
